AoeStats
← Kaos

Arena

509366106Analyzed
1v1 RM · 7d ago on Sep 26, 2026· 45m 57s· 2 players
Game mode
Random Map
Map size
Tiny (2 player)
Population
200
Speed
Normal
Resources
Standard
Victory
Conquest
Starting age
Dark Age
Ending age
Imperial Age
RankedLock teamsTeams togetherTeam positionsShared explorationLock speedFull tech treeHidden civsTurbo modeCheats
Victory
Defeat
🇪🇸 Britons · Spain
601
+9
🇭🇺 Mongols · Hungary
446
-9
Csalládúrfi
12:05 Feudal Age
15:09 Forging
15:04 Scale Barding Armor
18:57 Castle Age
19:06 Crossbowman
19:56 Double-Bit Axe
20:39 Gold Mining
20:35 Horse Collar
23:13 Padded Archer Armor
23:05 Fletching
27:21 Bloodlines
27:12 Husbandry
29:35 Leather Archer Armor
29:16 Bodkin Arrow
29:49 Chain Barding Armor
36:05 Husbandry
37:40 Ballistics
44:46 Imperial Age
Kaos
8:34 Loom
10:42 Feudal Age
11:54 Double-Bit Axe
15:21 Fletching
18:52 Wheelbarrow
20:18 Castle Age
18:19 Horse Collar
20:00 Padded Archer Armor
21:38 Crossbowman
22:17 Bodkin Arrow
22:59 Bow Saw
26:16 Heavy Plow
27:06 Leather Archer Armor
30:00 Ballistics
31:03 Hand Cart
32:33 Yeomen
38:21 Imperial Age
36:58 Masonry
39:07 Elite Longbowman
42:22 Heated Shot
43:04 Architecture
45:33 Bracer
46:04 Ring Archer Armor
46:52 Chemistry
45:34 Treadmill Crane
Connection lost

Rejoining the realm…

Still unreachable

The connection could not be restored.

Session expired

The server has moved on; the page needs a fresh start.